 Dungeon Crawl Stone Soup version 0.29.1-15-g9cfb28693d (webtiles) character file.

Game seed: 76261338516146883

19722 Eitelfritz the Carver (level 12, 0/99 HPs)
             Began as a Minotaur Gladiator on Apr 14, 2023.
             Was an Elder of Hepliaklqana.
             Shot with an arrow by a centaur warrior (11 damage)
             ... on level 13 of the Dungeon.
             The game lasted 00:30:34 (13975 turns).

Eitelfritz the Carver (Minotaur Gladiator)         Turns: 13975, Time: 00:30:34

Health: 0/99       AC: 15    Str: 29    XL:     12   Next: 39%
Magic:  11/11      EV: 15    Int:  9    God:    Hepliaklqana [****..]
Gold:   1227       SH:  5    Dex: 13    Spells: 11/11 levels left

rFire   . . .      SeeInvis .   a - +6 scimitar
rCold   + . .      Faith    .   (no shield)
rNeg    . . .      Spirit   .   h - +1 acid dragon scales
rPois   +          Reflect  +   c - +2 hat
rElec   .          Harm     .   (no cloak)
rCorr   +          Rampage  .   t - +1 pair of gloves "Tequigen" {rC+ Str+4 Stlth+}
Will    .....                   s - +0 pair of boots
Stlth   +++.......              p - amulet of reflection
HPRegen 0.26/turn               k - ring of poison resistance
MPRegen 0.12/turn               L - +6 ring of strength

@: no status effects
A: reduced essence, horns 2, retaliatory headbutt
a: Renounce Religion, Recall Ancestor, Ancestor Identity, Transference, Idealise


You were on level 13 of the Dungeon.
You worshipped Hepliaklqana.
Hepliaklqana was greatly pleased with you.
You visited 2 branches of the dungeon, and saw 14 of its levels.

You collected 1797 gold pieces.
You spent 570 gold pieces at shops.

Inventory:

Hand Weapons
 a - a +6 scimitar (weapon)
 b - a +0 shortbow
 v - a +3 vampiric falchion
 H - the +5 flail "Uxtasayc" {vorpal, Fly rN++ rCorr Int+3}
   (You found it on level 5 of the Dungeon)

   It inflicts extra damage upon your enemies.
   Int:       It affects your intelligence (+3).
   rN:        It greatly protects you from negative energy.
   Fly:       It grants you flight.
   rCorr:     It protects you from acid and corrosion.
Missiles
 d - 6 throwing nets (quivered)
 e - 7 javelins
 B - 5 silver javelins
 J - 9 poisoned darts
 O - 5 datura-tipped darts
Armour
 c - a +2 hat (worn)
 h - +1 acid dragon scales (worn)
 j - a +0 kite shield
 s - a +0 pair of boots (worn)
 t - the +1 pair of gloves "Tequigen" (worn) {rC+ Str+4 Stlth+}
   (You found it on level 2 of the Dungeon)

   Str:       It affects your strength (+4).
   rC:        It protects you from cold.
   Stlth:     It makes you more stealthy.
 G - a +4 scale mail of poison resistance
Jewellery
 k - a ring of poison resistance (left hand)
 p - an amulet of reflection (around neck)
 C - a ring of fire
 K - a ring of protection from fire
 L - a +6 ring of strength (right hand)
 P - a +6 ring of dexterity
Wands
 m - a wand of roots (10)
 E - a wand of flame (17)
 I - a wand of acid (15)
 M - a wand of charming (7)
 N - a wand of mindburst (7)
 Q - a wand of polymorph (4)
Scrolls
 i - 5 scrolls of teleportation
 n - 3 scrolls of vulnerability
 o - 7 scrolls of butterflies
 y - 2 scrolls of poison
Potions
 f - 3 potions of mutation
 g - 4 potions of curing
 l - 4 potions of ambrosia
 q - 2 potions of flight
 r - 5 potions of heal wounds
 u - a potion of berserk rage {unknown}
 w - a potion of cancellation {unknown}
 x - a potion of might
 z - 3 potions of attraction
 A - 2 potions of brilliance
 D - a potion of magic {unknown}
 F - 2 potions of lignification


   Skills:
 + Level 11.2 Fighting
 + Level 14.9 Long Blades
 + Level 2.6 Maces & Flails
 + Level 5.7 Ranged Weapons
 + Level 2.2 Throwing
 + Level 8.6 Armour
 + Level 8.4 Dodging
 + Level 5.1 Stealth
 + Level 6.0 Shields


You had 11 spell levels left.
You didn't know any spells.
Your spell library contained the following spells:

 Spells                   Type           Power      Damage    Failure   Level
 Beastly Appendage        Tmut           0%         N/A       43%         1
 Magic Dart               Conj           0%         1d3       43%         1
 Necrotise                Necr           0%         1d4       43%         1
 Ensorcelled Hibernation  Hex/Ice        0%         N/A       56%         2
 Searing Ray              Conj           0%         2d4       56%         2
 Sublimation of Blood     Necr           0%         N/A       56%         2
 Wereblood                Tmut           0%         N/A       56%         2
 Spider Form              Tmut/Pois      0%         N/A       80%         3
 Vampiric Draining        Necr           0%         2d6       80%         3
 Anguish                  Hex/Necr       0%         N/A       99%         4
 Fulminant Prism          Conj/Hex       0%         3d6       99%         4
 Leda's Liquefaction      Hex/Erth       0%         N/A       99%         4
 Petrify                  Tmut/Erth      0%         N/A       99%         4
 Agony                    Necr           0%         N/A       100%        5
 Irradiate                Conj/Tmut      0%         3d11      100%        5
 Lee's Rapid Deconstruct  Erth           0%         3d5*      100%        5
 Statue Form              Tmut/Erth      0%         N/A       100%        6


Dungeon Overview and Level Annotations

Branches:
Dungeon (13/15)            Temple (1/1) D:6            Lair (0/5) D:10
    Orc (0/2) D:11
 Vaults: D:13-14

Altars:
Ashenzari
Cheibriados
Dithmenos
Elyvilon
Fedhas
Gozag
Hepliaklqana
Kikubaaqudgha
Makhleb
Nemelex Xobeh
Okawaru
Qazlal
Ru
Sif Muna
Trog
Uskayaw
Vehumet
Wu Jian
Xom
Yredelemnul
Zin
The Shining One

Shops:
D:2 [   D:9 *[   D:10 =   D:11 (


Innate Abilities, Weirdness & Mutations

Your life essence is reduced to manifest your ancestor. (-10% HP)
You have a pair of horns on your head.
You reflexively headbutt those who attack you in melee.


Message History

The red ugly thing bites you.
You are engulfed in flames!!
The red ugly thing bites you.
You are engulfed in flames!!
* * * LOW HITPOINT WARNING * * *
Unknown command.
The red ugly thing attacks as you move away!
The red ugly thing misses you.
Henutemipet barely misses the red ugly thing.
Henutemipet closely misses the red ugly thing.
A centaur comes into view.
Henutemipet points at the red ugly thing and mumbles some strange words.
The red ugly thing appears confused.
You catch the helpless red ugly thing completely off-guard!
You slash the red ugly thing!
The centaur shouts!
You headbutt the red ugly thing.
The red ugly thing is moderately wounded.
You hear a shout!
A centaur warrior comes into view.
Henutemipet casts a spell at the red ugly thing.
The red ugly thing easily resists.
The centaur wields a +0 shortbow.
The centaur shoots an arrow.
The arrow hits you but does no damage.
You slash the red ugly thing!
The red ugly thing is heavily wounded.
You catch the helpless red ugly thing completely off-guard!
You slash the red ugly thing! You headbutt the red ugly thing!
The red ugly thing is almost dead.
The red ugly thing bites Henutemipet!
Henutemipet is engulfed in flames!
Henutemipet resists.
You hit the red ugly thing but do no damage.
Your headbutt misses the red ugly thing.
The red ugly thing is almost dead.
Henutemipet hits the red ugly thing with a +0 dagger of draining.
Henutemipet drains the red ugly thing.
The red ugly thing bites itself!
The red ugly thing is killed!
The centaur warrior wields a +0 shortbow.
The centaur warrior shoots an arrow.
The arrow hits you!
* * * LOW HITPOINT WARNING * * *
You hear a shout! x2
The centaur warrior shoots an arrow.
The arrow hits you!
You die...

#..# #
##.############
#..........)...
##.#############
#..#
###########.##
..cc.....#...#
#.....#.#.#
#R.†..@.#..#
#......###.#
#.......# ..
#.....#.# #.# #
#.......#..# ..
. ....#.#.####.#
#. ....#.... ..
... ..#.# #.# ..
..##.# ..


You could see the friendly Henutemipet the hexer, a centaur warrior (ally
target) and a centaur.

Vanquished Creatures
  A boulder beetle (D:11)
  2 hydras (D:12)
  4 two-headed ogres
  A tengu warrior (D:13)
  Pikel (D:9)
  2 deep elf pyromancers (D:12)
  A manticore (D:12)
  2 ugly things
  5 gargoyles
  Maggie (D:7)
  A tengu conjurer (D:13)
  A troll (D:12)
  The ghost of EarthwalkerPL the Trooper, an amateur MiFi (D:6)
  A polar bear (shapeshifter) (D:13)
  A wraith (D:10)
  A shadow (D:11)
  A vampire (D:10)
  2 wyverns (D:8)
  17 yaks
  A steam dragon (D:9)
  A vampire mosquito (D:12)
  Edmund (D:4)
  An acid dragon (D:10)
  A sky beast (D:8)
  A black bear (D:3)
  4 ice beasts (D:6)
  3 orc warriors
  A lemure (D:9)
  9 centaurs
  A phantom (D:6)
  2 bullfrogs (D:7)
  3 scorpions
  A necrophage (D:5)
  4 wights (D:7)
  10 killer bees (D:9)
  4 howler monkeys
  A wyvern simulacrum (D:6)
  5 orc priests (D:7)
  7 hounds
  3 jellies
  8 iguanas
  Ijyb (D:5)
  Natasha (D:2)
  10 orc wizards
  A bullfrog simulacrum (D:6)
  A centaur simulacrum (D:6)
  7 gnolls
  8 adders
  A shadow imp (D:7)
  2 white imps
  2 ufetubi
  4 dart slugs
  24 orcs
  6 ball pythons
  5 endoplasms
  3 giant cockroaches
  9 goblins
  8 hobgoblins
  9 jackals
  5 quokkas
  5 bats (D:2)
  2 frilled lizards
  4 kobolds
  3 rats (D:1)
239 creatures vanquished.

Vanquished Creatures (collateral kills)
  A two-headed ogre (D:12)
  A manticore (D:11)
  An unseen horror (D:9)
  A wyvern (D:9)
  A shadow (D:10)
  2 yaks (D:10)
  A vampire mosquito (D:12)
  A water moccasin (D:8)
  3 orc wizards
12 creatures vanquished.

Vanquished Creatures (others)
  An ancestor (D:8)
  7 hexers
  A quokka (D:12)
  4 plants (D:6)
13 creatures vanquished.

Grand Total: 264 creatures vanquished

Notes
Turn   | Place    | Note
-------+----------+-------------------------------------------
     0 | D:1      | Eitelfritz the Minotaur Gladiator began the quest for the
                  | Orb.
     0 | D:1      | Reached XP level 1. HP: 18/18 MP: 0/0
   214 | D:1      | Reached skill level 4 in Long Blades
   350 | D:1      | Reached XP level 2. HP: 25/25 MP: 1/1
   877 | D:1      | Reached XP level 3. HP: 30/30 MP: 2/2
  1370 | D:2      | Found Mogiful's Antique Armour Shop.
  1627 | D:2      | Reached skill level 1 in Armour
  1632 | D:2      | Reached XP level 4. HP: 37/37 MP: 3/3
  1845 | D:2      | Identified the +1 pair of gloves "Tequigen" {rC+ Str+4
                  | Stlth+}
  1978 | D:2      | Found a faded altar of an unknown god.
  2021 | D:2      | Noticed Natasha
  2033 | D:2      | Killed Natasha
  2034 | D:2      | Reached skill level 5 in Long Blades
  2464 | D:3      | Reached XP level 5. HP: 33/44 MP: 4/4
  2907 | D:4      | Noticed a black bear
  2913 | D:3      | Killed a black bear
  2914 | D:3      | Reached skill level 1 in Ranged Weapons
  2914 | D:3      | Reached XP level 6. HP: 51/51 MP: 5/5
  3107 | D:4      | Reached skill level 1 in Stealth
  3421 | D:4      | Reached skill level 6 in Long Blades
  3421 | D:4      | Reached skill level 1 in Shields
  3421 | D:4      | Reached XP level 7. HP: 25/59 MP: 6/6
  3733 | D:4      | Noticed Edmund
  3747 | D:4      | Killed Edmund
  3901 | D:5      | Entered Level 5 of the Dungeon
  4335 | D:5      | Noticed Ijyb
  4345 | D:5      | Killed Ijyb
  4435 | D:5      | Identified the +5 flail "Uxtasayc" {vorpal, Fly rN++ rCorr
                  | Int+3}
  4504 | D:5      | Reached skill level 7 in Long Blades
  4538 | D:5      | Reached XP level 8. HP: 67/67 MP: 7/7
  4795 | D:5      | Found an ornate altar of the Wu Jian Council.
  4864 | D:5      | Identified a scroll of acquirement
  4864 | D:5      | Acquired 1094 gold pieces
  4896 | D:6      | Reached skill level 5 in Fighting
  4930 | D:6      | Reached skill level 5 in Dodging
  4938 | D:6      | Reached skill level 8 in Long Blades
  4938 | D:6      | Reached skill level 5 in Armour
  4962 | D:6      | Reached skill level 9 in Long Blades
  4962 | D:6      | Reached skill level 5 in Ranged Weapons
  4962 | D:6      | Reached XP level 9. HP: 68/75 MP: 8/8
  5045 | D:6      | Found a staircase to the Ecumenical Temple.
  5073 | Temple   | Entered the Ecumenical Temple
  5171 | Temple   | Became a worshipper of Hepliaklqana the Forgotten
  5317 | D:6      | Found a runed translucent gate.
  5318 | D:6      | Found a runed translucent gate.
  5319 | D:6      | Found a runed translucent gate.
  5687 | D:6      | Noticed EarthwalkerPL's ghost (amateur MiFi)
  5995 | D:6      | Killed EarthwalkerPL's ghost
  5996 | D:6      | Reached skill level 10 in Long Blades
  6199 | D:7      | Identified the +8 spear "Wuplacoa" {protect, *Rage rCorr
                  | Dex+10}
  6210 | D:7      | Noticed Maggie
  6271 | D:7      | Killed Maggie
  6702 | D:7      | Reached skill level 11 in Long Blades
  6711 | D:7      | Reached XP level 10. HP: 58/84 MP: 9/9
  7234 | D:7      | Reached * piety under Hepliaklqana
  7603 | D:8      | Found a sparkling altar of Nemelex Xobeh.
  8052 | D:8      | Found a blossoming altar of Fedhas.
  8634 | D:9      | Reached ** piety under Hepliaklqana
  8683 | D:9      | Reached skill level 12 in Long Blades
  8888 | D:9      | Remembered your ancestor Henutemipet as a hexer
  8889 | D:9      | Found Ery Fam's Armour Shoppe.
  8897 | D:9      | Noticed Pikel
  8911 | D:9      | Killed Pikel
  9381 | D:9      | Found Woun's General Store.
  9389 | D:9      | Bought a +6 ring of strength for 540 gold pieces
  9389 | D:9      | Bought a scroll of identify for 30 gold pieces
  9611 | D:10     | Entered Level 10 of the Dungeon
 10090 | D:10     | Found a staircase to the Lair.
 10097 | D:10     | Reached XP level 11. HP: 85/85 MP: 10/10
 10194 | D:10     | Found a shadowy altar of Dithmenos.
 10194 | D:10     | Found an iron altar of Okawaru.
 10195 | D:10     | Found a bloodstained altar of Trog.
 10257 | D:10     | Noticed a two-headed ogre
 10262 | D:10     | Noticed a two-headed ogre
 10338 | D:10     | Found Ikhos's Jewellery Emporium.
 10353 | D:10     | Reached *** piety under Hepliaklqana
 10393 | D:10     | Killed a two-headed ogre
 10394 | D:10     | Reached skill level 13 in Long Blades
 10443 | D:10     | Killed a two-headed ogre
 10750 | D:11     | Noticed a two-headed ogre
 10852 | D:11     | Killed a two-headed ogre
 11004 | D:11     | Found Terghou's Antique Weapon Shoppe.
 11004 | D:11     | Noticed a two-headed ogre
 11012 | D:11     | Killed a two-headed ogre
 11229 | D:11     | Found a staircase to the Orcish Mines.
 11403 | D:11     | Reached skill level 5 in Shields
 11417 | D:11     | Reached skill level 10 in Fighting
 11417 | D:11     | Reached skill level 14 in Long Blades
 11796 | D:12     | Noticed a boulder beetle
 11796 | D:12     | Noticed a two-headed ogre
 11825 | D:11     | Killed a boulder beetle
 11839 | D:12     | Killed a two-headed ogre
 11998 | D:12     | Noticed a seven-headed hydra
 12018 | D:12     | Killed a seven-headed hydra
 12502 | D:12     | Noticed a deep elf pyromancer
 12535 | D:12     | Killed a deep elf pyromancer
 12536 | D:12     | Reached skill level 1 in Maces & Flails
 12536 | D:12     | Reached XP level 12. HP: 61/97 MP: 11/11
 12679 | D:12     | Noticed a seven-headed hydra
 12692 | D:12     | Killed a seven-headed hydra
 13279 | D:12     | Found a white marble altar of Elyvilon.
 13873 | D:13     | Noticed a tengu warrior
 13896 | D:13     | Killed a tengu warrior
 13897 | D:13     | Reached skill level 5 in Stealth
 13944 | D:13     | Reached **** piety under Hepliaklqana
 13970 | D:13     | Noticed a centaur warrior
 13975 | D:13     | Shot with an arrow by a centaur warrior

Illustrated notes

Levels and vault maps discovered:
D:1:      pf_arrival_petrified_forest, layout_basic
D:2:      layout_loops_ring, serial_shops, nicolae_square_shop,
          hellmonk_ecumenical_altar_leap_of_faith, uniq_natasha
D:3:      layout_basic
D:4:      layout_cave_pools, uniq_edmund
D:5:      layout_basic, kennysheep_mini_moat, uniq_ijyb
D:6:      layout_loops_ring, minmay_temple_entry_overgrown, gammafunk_ghost_icy
D:7:      layout_loops_cross, serial_glass, glass_columns_a, glass_columns_a,
          glass_columns_a, glass_columns_a, nrook_campfire, uniq_maggie
D:8:      layout_basic, amcnicky_altar_gilded, lemuel_tele_altar
D:9:      layout_irregular_city, serial_shops, shop, nicolae_diamond_shop,
          nicolae_underground_beach, uniq_pikel
D:10:     layout_loops_ring, gammafunk_temple_overflow_claw, lair_entry_dummy,
          serial_shops, nicolae_shop_competitors_out_of_business
D:11:     layout_loops_ring, orc_0_dummy, serial_shops, shop
D:12:     layout_loops_corners, elyvilon_altar_4
D:13:     layout_rooms, nicolae_benzene_ring, minmay_three_doors
Temple:   eino_temple_scatter_basement

Skill      XL: |  1  2  3  4  5  6  7  8  9 10 11 12 |
---------------+-------------------------------------+-----
Long Blades    | 4 5 6 7 9 11 12 14 | 14.9
Armour         | 1 2 3 4 5 6 7 8 |  8.6
Dodging        | 4 5 6 7 8 |  8.4
Fighting       | 3 4 6 7 8 10 11 | 11.2
Ranged Weapons | 1 2 3 5 |  5.7
Stealth        | 1 2 4 5 |  5.1
Shields        | 1 2 3 4 5 6 |  6.0
Maces & Flails | 1 2 |  2.6
Throwing       | |  2.2

Action                   |  1- 3 |  4- 6 |  7- 9 | 10-12 || total
-------------------------+-------+-------+-------+-------++-------
Melee: Long sword        |    78 |    21 |       |       ||    99
       Headbutt          |    17 |    17 |    86 |    85 ||   205
       Punch             |     1 |     1 |     2 |     4 ||     8
       Falchion          |       |    68 |   330 |    18 ||   416
       Scimitar          |       |       |       |   321 ||   321
       Flail             |       |       |       |     9 ||     9
 Fire: Sling             |       |    24 |       |       ||    24
       Shortbow          |       |       |    43 |       ||    43
Invok: Ancestor Life: He |       |       |       |     1 ||     1
       Recall Ancestor   |       |       |       |     1 ||     1
  Use: Scroll            |       |     7 |     7 |    12 ||    26
       Potion            |       |       |       |     1 ||     1
 Stab: Sleeping          |       |     2 |       |     3 ||     5
       Distracted        |       |       |       |     6 ||     6
       Confused          |       |       |       |     8 ||     8
Armor: Ring mail         |    31 |    54 |    25 |       ||   110
       Leather armour    |     1 |       |       |       ||     1
       Scale mail        |       |       |    69 |       ||    69
       Acid dragon scale |       |       |     3 |   127 ||   130
Dodge: Dodged            |    55 |    47 |   143 |   177 ||   422
Block: Other             |     7 |    17 |    58 |    62 ||   144
       Reflection        |       |       |     1 |     2 ||     3
